[ PARTIDA AOE2 · #478282364 ]
Team RMBúlgaros vs Goths
[ ANÁLISIS DE REPETICIÓN · EXTRAÍDO DE LA PARTIDA GRABADA ]
Feudal
13:11
Castillos
23:23
Imperial
40:10
| APM promedio | 15.2 |
| APM pico | 28 |
| eAPM promedio | 13.6 |
| Aldeanos / militares | 104 / 235 |
Foco
⚔️ 25.9% · 🌾 74.1%
Militia ×183 · Spearman ×35 · Trade Cart ×12 · Konnik ×8 · Trebuchet (Packed) ×8 · Monk ×1
Feudal
13:34
Castillos
17:05
Imperial
36:04
| APM promedio | 38.7 |
| APM pico | 75 |
| eAPM promedio | 23.3 |
| Aldeanos / militares | 245 / 499 |
Foco
⚔️ 33.8% · 🌾 66.2%
Huskarl ×488 · Trebuchet (Packed) ×6 · Skirmisher ×3 · Cavalry Archer ×2
Feudal
16:14
Castillos
21:29
Imperial
36:00
| APM promedio | 29.6 |
| APM pico | 133 |
| eAPM promedio | 24.8 |
| Aldeanos / militares | 483 / 274 |
Foco
⚔️ 15.7% · 🌾 84.3%
Spearman ×109 · Hand Cannoneer ×82 · Skirmisher ×30 · Hussite Wagon ×27 · Trade Cart ×24 · Mangonel ×12
Feudal
12:21
Castillos
17:19
Imperial
31:55
| APM promedio | 29.6 |
| APM pico | 85 |
| eAPM promedio | 20.5 |
| Aldeanos / militares | 166 / 134 |
Foco
⚔️ 32.5% · 🌾 67.5%
Scout Cavalry ×87 · Bombard Cannon ×23 · Leitis ×11 · Skirmisher ×7 · Trebuchet (Packed) ×4 · Knight ×1
Mapa de la partida
Recursos al inicio + cada clic de construcción. Línea gruesa = muro · recuadro discontinuo = muro de casas detectado. 🟡 oro · ⚪ piedra · 🟢 bayas · 🔶 jabalí · ⭕ reliquia
Inputs por minuto
— simirfan - - Sneakyness
Build order — simirfan
Primeras 150 de 374 acciones detectadas
| 0:02 | Investigar | Loom |
| 0:03 | Crear | Villager (Male) ×4 |
| 0:06 | Construir | House |
| 0:07 | Construir | House |
| 0:20 | Construir | Building 800 |
| 0:25 | Construir | Palisade Wall |
| 0:33 | Construir | Palisade Wall |
| 2:40 | Crear | Villager (Male) |
| 3:06 | Crear | Villager (Male) |
| 3:54 | Crear | Villager (Male) ×2 |
| 4:02 | Construir | Lumber Camp |
| 4:25 | Crear | Villager (Male) |
| 4:54 | Crear | Villager (Male) |
| 5:07 | Construir | House |
| 5:09 | Construir | House |
| 6:02 | Crear | Villager (Male) |
| 6:02 | Crear | Villager (Male) |
| 6:03 | Crear | Villager (Male) |
| 6:37 | Construir | Mill |
| 7:12 | Construir | House |
| 7:14 | Construir | House |
| 7:22 | Crear | Villager (Male) |
| 7:22 | Crear | Villager (Male) |
| 7:54 | Crear | Villager (Male) |
| 8:21 | Construir | Lumber Camp |
| 8:28 | Crear | Villager (Male) |
| 8:28 | Crear | Villager (Male) |
| 8:40 | Crear | Villager (Male) |
| 9:37 | Crear | Villager (Male) |
| 9:38 | Crear | Villager (Male) |
| 9:45 | Construir | Barracks |
| 10:28 | Construir | Mill |
| 10:58 | Construir | Mining Camp |
| 11:01 | Investigar | Feudal Age |
| 11:05 | Crear | Militia |
| 11:29 | Crear | Militia |
| 12:04 | Crear | Militia |
| 12:11 | Construir | House |
| 12:12 | Construir | House |
| 12:30 | Construir | Barracks |
| 12:37 | Crear | Militia |
| 13:11 | Edad | Edad Feudal |
| 13:13 | Construir | Blacksmith |
| 13:17 | Investigar | Double-Bit Axe |
| 13:21 | Investigar | Arson |
| 13:26 | Crear | Villager (Male) |
| 13:27 | Crear | Villager (Male) |
| 13:27 | Crear | Villager (Male) |
| 13:53 | Investigar | Gold Mining |
| 14:02 | Crear | Militia |
| 14:21 | Crear | Villager (Male) |
| 14:37 | Construir | Stone Wall |
| 14:45 | Crear | Militia ×2 |
| 15:02 | Construir | Mill |
| 15:21 | Investigar | Scale Mail Armor |
| 16:09 | Construir | Building 665 |
| 16:17 | Construir | Market |
| 16:23 | Crear | Villager (Male) |
| 16:24 | Crear | Villager (Male) |
| 16:28 | Investigar | Horse Collar |
| 17:43 | Construir | Farm |
| 17:44 | Construir | Farm |
| 17:44 | Construir | Farm |
| 17:44 | Construir | Farm |
| 17:45 | Construir | Farm |
| 17:45 | Construir | Farm |
| 17:45 | Construir | Farm |
| 17:46 | Construir | Farm |
| 17:48 | Crear | Villager (Male) ×5 |
| 18:20 | Construir | Mining Camp |
| 18:29 | Crear | Villager (Male) |
| 18:33 | Crear | Trade Cart |
| 19:33 | Construir | House |
| 19:34 | Construir | House |
| 19:35 | Construir | House |
| 19:40 | Construir | Farm |
| 19:40 | Construir | Farm |
| 19:41 | Construir | Farm |
| 19:41 | Construir | Farm |
| 19:41 | Construir | Farm |
| 19:41 | Construir | Farm |
| 19:45 | Construir | House |
| 20:25 | Construir | Farm |
| 20:25 | Construir | Farm |
| 20:25 | Construir | Farm |
| 20:26 | Construir | Farm |
| 20:26 | Construir | Farm |
| 20:26 | Construir | Farm |
| 20:43 | Investigar | Castle Age |
| 21:40 | Construir | Barracks |
| 21:48 | Construir | Farm |
| 21:48 | Construir | Farm |
| 21:48 | Construir | Farm |
| 21:49 | Construir | Farm |
| 21:55 | Crear | Villager (Male) |
| 21:56 | Crear | Villager (Male) |
| 22:22 | Construir | Stone Wall |
| 22:32 | Construir | Building 665 |
| 22:37 | Construir | Stone Wall |
| 22:39 | Construir | Stone Wall |
| 22:51 | Crear | Trade Cart |
| 22:52 | Crear | Trade Cart |
| 22:52 | Crear | Trade Cart |
| 23:06 | Crear | Villager (Male) |
| 23:10 | Construir | House |
| 23:11 | Construir | House |
| 23:12 | Construir | House |
| 23:19 | Crear | Trade Cart |
| 23:23 | Edad | Edad de los Castillos |
| 23:29 | Crear | Villager (Male) |
| 23:29 | Crear | Villager (Male) |
| 24:03 | Investigar | Heavy Plow |
| 24:31 | Crear | Villager (Male) |
| 24:31 | Crear | Villager (Male) |
| 24:53 | Construir | Town Center |
| 25:18 | Crear | Villager (Male) |
| 25:36 | Investigar | Chain Mail Armor |
| 25:37 | Investigar | Forging |
| 26:07 | Investigar | Caravan |
| 26:12 | Crear | Villager (Male) ×5 |
| 26:28 | Investigar | Gambesons |
| 26:40 | Construir | Town Center |
| 26:48 | Crear | Villager (Male) ×5 |
| 27:12 | Crear | Villager (Male) |
| 27:15 | Crear | Trade Cart |
| 27:18 | Crear | Villager (Male) |
| 27:26 | Construir | Town Center |
| 27:38 | Crear | Villager (Male) |
| 27:44 | Crear | Villager (Male) |
| 27:51 | Construir | House |
| 27:52 | Construir | House |
| 27:54 | Construir | House |
| 27:55 | Construir | House |
| 28:03 | Crear | Villager (Male) |
| 28:11 | Investigar | Bow Saw |
| 28:18 | Crear | Militia |
| 28:27 | Construir | Farm |
| 28:28 | Construir | Farm |
| 28:28 | Construir | Farm |
| 28:28 | Construir | Farm |
| 28:28 | Construir | Farm |
| 28:32 | Crear | Villager (Male) |
| 28:59 | Crear | Villager (Male) |
| 28:59 | Crear | Villager (Male) |
| 29:00 | Crear | Villager (Male) |
| 29:21 | Construir | Monastery |
| 29:26 | Construir | University |
| 29:29 | Investigar | Wheelbarrow |
| 29:38 | Construir | Farm |
| 29:38 | Construir | Farm |
Build order — Sneakyness
Primeras 150 de 619 acciones detectadas
| 0:00 | Crear | Villager (Male) |
| 0:01 | Crear | Villager (Male) |
| 0:01 | Crear | Villager (Male) |
| 0:02 | Construir | House |
| 0:04 | Construir | House |
| 0:25 | Crear | Villager (Male) |
| 1:10 | Construir | House |
| 1:14 | Construir | House |
| 2:01 | Crear | Villager (Male) |
| 2:01 | Crear | Villager (Male) |
| 2:03 | Investigar | Loom |
| 2:27 | Crear | Villager (Male) |
| 2:27 | Crear | Villager (Male) |
| 2:49 | Crear | Villager (Male) |
| 2:49 | Crear | Villager (Male) |
| 3:05 | Crear | Villager (Male) |
| 3:06 | Crear | Villager (Male) |
| 3:38 | Crear | Villager (Male) |
| 3:38 | Crear | Villager (Male) |
| 3:38 | Crear | Villager (Male) |
| 3:46 | Construir | House |
| 4:07 | Crear | Villager (Male) |
| 4:08 | Crear | Villager (Male) |
| 4:08 | Crear | Villager (Male) |
| 4:08 | Crear | Villager (Male) |
| 4:59 | Crear | Villager (Male) |
| 4:59 | Crear | Villager (Male) |
| 5:25 | Construir | Lumber Camp |
| 5:31 | Crear | Villager (Male) |
| 5:32 | Crear | Villager (Male) |
| 5:32 | Crear | Villager (Male) |
| 5:32 | Crear | Villager (Male) |
| 5:32 | Crear | Villager (Male) |
| 5:32 | Crear | Villager (Male) |
| 6:52 | Crear | Villager (Male) |
| 6:52 | Crear | Villager (Male) |
| 7:24 | Construir | Mill |
| 8:07 | Crear | Villager (Male) |
| 8:08 | Crear | Villager (Male) |
| 8:08 | Crear | Villager (Male) |
| 8:08 | Crear | Villager (Male) |
| 8:23 | Construir | House |
| 8:52 | Crear | Villager (Male) |
| 8:52 | Crear | Villager (Male) |
| 9:54 | Construir | Palisade Wall |
| 10:00 | Construir | House |
| 10:13 | Crear | Villager (Male) |
| 10:13 | Crear | Villager (Male) |
| 10:13 | Crear | Villager (Male) |
| 10:14 | Crear | Villager (Male) |
| 10:17 | Construir | House |
| 10:23 | Crear | Villager (Male) |
| 10:24 | Crear | Villager (Male) |
| 10:24 | Crear | Villager (Male) |
| 10:24 | Crear | Villager (Male) |
| 10:25 | Crear | Villager (Male) |
| 10:25 | Crear | Villager (Male) |
| 10:25 | Crear | Villager (Male) |
| 10:42 | Crear | Villager (Male) |
| 10:42 | Crear | Villager (Male) |
| 10:48 | Crear | Villager (Male) |
| 10:48 | Crear | Villager (Male) |
| 11:01 | Crear | Villager (Male) |
| 11:01 | Crear | Villager (Male) |
| 11:23 | Investigar | Feudal Age |
| 11:46 | Construir | Mining Camp |
| 12:35 | Crear | Villager (Male) |
| 12:36 | Crear | Villager (Male) |
| 13:05 | Construir | Farm |
| 13:06 | Construir | Farm |
| 13:13 | Construir | Farm |
| 13:15 | Construir | Farm |
| 13:34 | Edad | Edad Feudal |
| 13:36 | Construir | Blacksmith |
| 13:38 | Construir | Market |
| 14:07 | Construir | Lumber Camp |
| 14:23 | Investigar | Castle Age |
| 14:33 | Construir | House |
| 14:35 | Construir | House |
| 15:19 | Construir | Barracks |
| 15:41 | Construir | Farm |
| 15:41 | Construir | Farm |
| 15:41 | Construir | Farm |
| 15:41 | Construir | Farm |
| 15:42 | Construir | Farm |
| 15:47 | Construir | House |
| 15:51 | Construir | Palisade Wall |
| 16:03 | Construir | Farm |
| 16:40 | Construir | House |
| 16:49 | Investigar | Fletching |
| 16:54 | Crear | Villager (Male) |
| 16:54 | Crear | Villager (Male) |
| 17:00 | Construir | Palisade Wall |
| 17:01 | Construir | Palisade Wall |
| 17:03 | Construir | Palisade Wall |
| 17:05 | Construir | House |
| 17:05 | Edad | Edad de los Castillos |
| 17:08 | Crear | Villager (Male) |
| 17:09 | Crear | Villager (Male) |
| 17:09 | Crear | Villager (Male) |
| 17:09 | Crear | Villager (Male) |
| 17:19 | Construir | Archery Range |
| 17:25 | Crear | Villager (Male) |
| 17:25 | Crear | Villager (Male) |
| 17:26 | Crear | Villager (Male) |
| 17:56 | Crear | Cavalry Archer |
| 17:56 | Crear | Cavalry Archer |
| 17:58 | Construir | Farm |
| 17:58 | Construir | Farm |
| 17:59 | Construir | Farm |
| 17:59 | Construir | Farm |
| 17:59 | Construir | Farm |
| 18:16 | Investigar | Bodkin Arrow |
| 18:24 | Construir | Farm |
| 18:24 | Construir | Farm |
| 18:24 | Construir | Farm |
| 18:25 | Construir | Farm |
| 18:25 | Construir | Farm |
| 19:07 | Construir | House |
| 19:09 | Construir | House |
| 19:52 | Crear | Villager (Male) |
| 19:53 | Crear | Villager (Male) |
| 20:16 | Crear | Skirmisher |
| 20:16 | Crear | Skirmisher |
| 20:16 | Crear | Skirmisher |
| 20:36 | Crear | Villager (Male) |
| 20:36 | Crear | Villager (Male) |
| 20:36 | Crear | Villager (Male) |
| 21:29 | Crear | Villager (Male) |
| 21:30 | Crear | Villager (Male) |
| 21:30 | Crear | Villager (Male) |
| 21:30 | Crear | Villager (Male) |
| 21:40 | Construir | Farm |
| 21:46 | Construir | Mining Camp |
| 22:42 | Construir | Town Center |
| 22:48 | Construir | Palisade Wall |
| 23:31 | Crear | Villager (Male) |
| 23:31 | Crear | Villager (Male) |
| 24:08 | Crear | Villager (Male) |
| 24:09 | Crear | Villager (Male) |
| 24:09 | Crear | Villager (Male) |
| 24:31 | Crear | Villager (Male) |
| 24:31 | Crear | Villager (Male) |
| 24:42 | Construir | Town Center |
| 24:43 | Crear | Villager (Male) |
| 24:44 | Crear | Villager (Male) |
| 24:44 | Crear | Villager (Male) |
| 24:44 | Crear | Villager (Male) |
| 24:44 | Crear | Villager (Male) |
| 24:44 | Crear | Villager (Male) |
Build order — M.S.
Primeras 150 de 748 acciones detectadas
| 0:00 | Crear | Villager (Male) ×4 |
| 0:00 | Crear | Villager (Male) |
| 0:00 | Crear | Villager (Male) |
| 0:00 | Crear | Villager (Male) |
| 0:00 | Crear | Villager (Male) |
| 0:00 | Crear | Villager (Male) |
| 0:00 | Crear | Villager (Male) |
| 0:00 | Crear | Villager (Male) |
| 0:00 | Crear | Villager (Male) |
| 0:00 | Crear | Villager (Male) |
| 0:00 | Crear | Villager (Male) |
| 0:00 | Crear | Villager (Male) |
| 0:00 | Crear | Villager (Male) |
| 0:00 | Crear | Villager (Male) |
| 0:00 | Crear | Villager (Male) |
| 0:00 | Crear | Villager (Male) |
| 0:00 | Crear | Villager (Male) |
| 0:00 | Crear | Villager (Male) |
| 0:00 | Crear | Villager (Male) |
| 0:00 | Crear | Villager (Male) |
| 0:00 | Crear | Villager (Male) |
| 0:00 | Crear | Villager (Male) |
| 0:00 | Crear | Villager (Male) |
| 0:00 | Crear | Villager (Male) |
| 0:00 | Crear | Villager (Male) |
| 0:00 | Crear | Villager (Male) |
| 0:00 | Crear | Villager (Male) |
| 0:00 | Crear | Villager (Male) |
| 0:00 | Crear | Villager (Male) |
| 0:00 | Crear | Villager (Male) |
| 0:00 | Crear | Villager (Male) |
| 0:00 | Crear | Villager (Male) |
| 0:00 | Crear | Villager (Male) |
| 0:00 | Crear | Villager (Male) |
| 0:01 | Crear | Villager (Male) |
| 0:01 | Crear | Villager (Male) |
| 0:01 | Crear | Villager (Male) |
| 0:01 | Crear | Villager (Male) |
| 0:01 | Crear | Villager (Male) |
| 0:01 | Crear | Villager (Male) |
| 0:01 | Crear | Villager (Male) |
| 0:01 | Crear | Villager (Male) |
| 0:01 | Crear | Villager (Male) |
| 0:01 | Crear | Villager (Male) |
| 0:01 | Crear | Villager (Male) |
| 0:01 | Crear | Villager (Male) |
| 0:01 | Crear | Villager (Male) |
| 0:01 | Crear | Villager (Male) |
| 0:01 | Crear | Villager (Male) |
| 0:01 | Crear | Villager (Male) |
| 0:01 | Crear | Villager (Male) |
| 0:01 | Crear | Villager (Male) |
| 0:01 | Crear | Villager (Male) |
| 0:03 | Construir | House |
| 0:14 | Investigar | Loom |
| 0:15 | Crear | Villager (Male) ×3 |
| 0:15 | Crear | Villager (Male) ×3 |
| 1:14 | Construir | Palisade Gate |
| 1:20 | Construir | Palisade Wall |
| 1:26 | Construir | Palisade Wall |
| 2:09 | Crear | Villager (Male) |
| 2:09 | Crear | Villager (Male) |
| 2:53 | Construir | House |
| 3:21 | Construir | House |
| 3:42 | Crear | Villager (Male) |
| 3:42 | Crear | Villager (Male) |
| 4:13 | Crear | Villager (Male) |
| 4:56 | Crear | Villager (Male) |
| 5:25 | Construir | Lumber Camp |
| 5:36 | Crear | Villager (Male) |
| 5:36 | Crear | Villager (Male) |
| 5:59 | Construir | House |
| 6:18 | Crear | Villager (Male) |
| 6:32 | Crear | Villager (Male) |
| 6:39 | Construir | House |
| 6:48 | Construir | House |
| 6:54 | Crear | Villager (Male) |
| 7:29 | Crear | Villager (Male) |
| 7:29 | Crear | Villager (Male) |
| 8:07 | Crear | Villager (Male) |
| 8:42 | Crear | Villager (Male) |
| 8:43 | Crear | Villager (Male) |
| 9:33 | Construir | Mill |
| 9:36 | Crear | Villager (Male) |
| 9:37 | Crear | Villager (Male) |
| 9:37 | Crear | Villager (Male) |
| 9:47 | Construir | Mill |
| 10:28 | Construir | House |
| 10:29 | Construir | House |
| 10:33 | Construir | House |
| 10:58 | Construir | Mill |
| 11:02 | Crear | Villager (Male) |
| 11:03 | Crear | Villager (Male) |
| 11:08 | Crear | Villager (Male) |
| 11:48 | Crear | Villager (Male) |
| 12:14 | Construir | Mining Camp |
| 12:20 | Crear | Villager (Male) |
| 12:49 | Crear | Villager (Male) |
| 13:12 | Crear | Villager (Male) |
| 13:29 | Crear | Villager (Male) |
| 14:02 | Investigar | Feudal Age |
| 15:09 | Construir | Dock |
| 15:48 | Crear | Villager (Male) |
| 15:48 | Crear | Villager (Male) |
| 16:14 | Edad | Edad Feudal |
| 16:26 | Construir | Market |
| 16:29 | Construir | Blacksmith |
| 16:39 | Construir | Stone Wall |
| 16:43 | Construir | Stone Wall |
| 16:46 | Construir | Stone Wall |
| 16:55 | Crear | Villager (Male) |
| 17:02 | Crear | Fishing Ship |
| 17:06 | Construir | House |
| 17:07 | Construir | House |
| 17:09 | Construir | House |
| 17:40 | Construir | Mill |
| 17:45 | Crear | Villager (Male) |
| 18:49 | Investigar | Castle Age |
| 19:04 | Construir | House |
| 19:22 | Construir | Building 490 |
| 19:43 | Investigar | Double-Bit Axe |
| 19:48 | Investigar | Horse Collar |
| 19:58 | Crear | Demolition Raft |
| 20:03 | Crear | Fishing Ship |
| 20:18 | Crear | Fishing Ship |
| 20:44 | Construir | Mining Camp |
| 21:11 | Crear | Fishing Ship |
| 21:16 | Crear | Trade Cart |
| 21:29 | Edad | Edad de los Castillos |
| 21:35 | Construir | Stone Wall |
| 21:38 | Construir | Stone Wall |
| 21:41 | Crear | Villager (Male) |
| 21:44 | Investigar | Wheelbarrow |
| 22:52 | Construir | Town Center |
| 22:58 | Crear | Villager (Male) |
| 23:21 | Construir | Monastery |
| 23:39 | Crear | Villager (Male) |
| 23:58 | Investigar | Bow Saw |
| 23:59 | Crear | Villager (Male) |
| 24:00 | Crear | Villager (Male) |
| 24:01 | Crear | Villager (Male) |
| 24:01 | Crear | Villager (Male) |
| 24:08 | Crear | Villager (Male) |
| 24:08 | Crear | Villager (Male) |
| 24:25 | Construir | Town Center |
| 24:27 | Crear | Villager (Male) |
| 24:38 | Construir | University |
| 24:45 | Construir | House |
| 24:46 | Construir | House |
| 24:47 | Construir | House |
Build order — TrixieBenny
Primeras 150 de 508 acciones detectadas
| 0:00 | Crear | Villager (Male) |
| 0:01 | Crear | Villager (Male) |
| 0:01 | Crear | Villager (Male) |
| 0:02 | Construir | House |
| 0:04 | Construir | House |
| 0:15 | Crear | Villager (Male) |
| 0:15 | Crear | Villager (Male) |
| 0:15 | Crear | Villager (Male) |
| 0:16 | Crear | Villager (Male) |
| 0:41 | Construir | Palisade Wall |
| 1:48 | Crear | Villager (Male) |
| 1:48 | Crear | Villager (Male) |
| 2:22 | Construir | Palisade Wall |
| 2:24 | Crear | Villager (Male) |
| 2:59 | Crear | Villager (Male) |
| 2:59 | Crear | Villager (Male) |
| 3:10 | Construir | Lumber Camp |
| 3:24 | Crear | Villager (Male) |
| 3:37 | Crear | Villager (Male) |
| 4:07 | Crear | Villager (Male) |
| 4:08 | Crear | Villager (Male) |
| 5:01 | Construir | House |
| 5:13 | Construir | Palisade Wall |
| 5:22 | Crear | Villager (Male) |
| 5:22 | Crear | Villager (Male) |
| 5:22 | Crear | Villager (Male) |
| 5:32 | Construir | Palisade Wall |
| 5:48 | Crear | Villager (Male) |
| 6:11 | Crear | Villager (Male) |
| 6:14 | Crear | Villager (Male) |
| 6:22 | Construir | Mill |
| 6:58 | Crear | Villager (Male) |
| 7:14 | Crear | Villager (Male) |
| 7:50 | Construir | House |
| 7:54 | Crear | Villager (Male) |
| 8:05 | Construir | Farm |
| 8:06 | Construir | Farm |
| 8:19 | Crear | Villager (Male) |
| 8:19 | Crear | Villager (Male) |
| 8:43 | Crear | Villager (Male) |
| 9:33 | Construir | Mining Camp |
| 9:39 | Investigar | Loom |
| 10:09 | Investigar | Feudal Age |
| 10:49 | Construir | Palisade Wall |
| 10:55 | Crear | Villager (Male) |
| 11:48 | Construir | Palisade Wall |
| 12:21 | Edad | Edad Feudal |
| 12:26 | Construir | Market |
| 12:34 | Construir | Blacksmith |
| 12:37 | Crear | Villager (Male) |
| 12:47 | Construir | House |
| 13:02 | Crear | Villager (Male) |
| 13:12 | Construir | Outpost |
| 13:31 | Construir | Palisade Wall |
| 13:46 | Crear | Villager (Male) |
| 14:07 | Crear | Villager (Male) |
| 14:39 | Investigar | Castle Age |
| 15:03 | Construir | Farm |
| 15:32 | Construir | Lumber Camp |
| 16:09 | Investigar | Double-Bit Axe |
| 16:12 | Crear | Villager (Male) |
| 16:34 | Crear | Villager (Male) |
| 16:40 | Investigar | Horse Collar |
| 16:50 | Construir | House |
| 16:53 | Construir | House |
| 17:19 | Edad | Edad de los Castillos |
| 17:31 | Construir | Barracks |
| 17:57 | Construir | Town Center |
| 18:01 | Crear | Villager (Male) |
| 18:13 | Crear | Villager (Male) |
| 18:30 | Construir | Stable |
| 18:39 | Crear | Villager (Male) |
| 18:39 | Crear | Villager (Male) |
| 18:41 | Investigar | Town Watch |
| 19:13 | Construir | Town Center |
| 19:28 | Construir | Farm |
| 19:29 | Construir | Farm |
| 19:29 | Construir | Farm |
| 19:34 | Crear | Villager (Male) |
| 19:41 | Crear | Villager (Male) |
| 19:41 | Crear | Villager (Male) |
| 20:01 | Crear | Knight |
| 20:07 | Construir | Farm |
| 20:08 | Crear | Villager (Male) |
| 20:09 | Crear | Villager (Male) |
| 20:13 | Construir | Farm |
| 20:21 | Construir | Farm |
| 20:27 | Construir | Farm |
| 20:27 | Construir | Farm |
| 20:38 | Crear | Villager (Male) |
| 20:45 | Crear | Villager (Male) |
| 20:45 | Crear | Villager (Male) |
| 20:48 | Construir | Farm |
| 20:50 | Construir | Farm |
| 21:04 | Crear | Villager (Male) |
| 21:04 | Crear | Villager (Male) |
| 21:15 | Construir | Farm |
| 21:16 | Crear | Villager (Male) |
| 21:16 | Crear | Villager (Male) |
| 21:36 | Crear | Villager (Male) |
| 21:36 | Crear | Villager (Male) |
| 21:39 | Construir | Farm |
| 21:42 | Construir | Farm |
| 21:50 | Crear | Villager (Male) |
| 21:51 | Crear | Villager (Male) |
| 21:52 | Construir | Farm |
| 21:59 | Construir | Farm |
| 22:04 | Crear | Villager (Male) |
| 22:05 | Crear | Villager (Male) |
| 22:11 | Construir | Farm |
| 22:20 | Crear | Villager (Male) |
| 22:21 | Crear | Villager (Male) |
| 22:30 | Construir | House |
| 22:34 | Crear | Villager (Male) |
| 22:34 | Crear | Villager (Male) |
| 22:39 | Construir | Farm |
| 22:44 | Construir | Farm |
| 22:44 | Construir | Farm |
| 22:47 | Crear | Villager (Male) |
| 22:47 | Crear | Villager (Male) |
| 22:49 | Construir | Farm |
| 23:07 | Investigar | Wheelbarrow |
| 23:08 | Investigar | Wheelbarrow |
| 23:14 | Construir | Farm |
| 23:18 | Crear | Villager (Male) |
| 23:19 | Crear | Villager (Male) |
| 23:26 | Construir | Farm |
| 23:26 | Construir | Farm |
| 23:27 | Construir | Farm |
| 23:29 | Construir | Farm |
| 23:34 | Construir | Farm |
| 23:41 | Crear | Villager (Male) |
| 23:41 | Crear | Villager (Male) |
| 23:54 | Crear | Villager (Male) |
| 23:54 | Crear | Villager (Male) |
| 23:58 | Construir | House |
| 24:08 | Construir | House |
| 24:10 | Construir | House |
| 24:13 | Construir | House |
| 24:17 | Crear | Villager (Male) |
| 24:17 | Crear | Villager (Male) |
| 24:22 | Construir | Farm |
| 24:22 | Construir | Farm |
| 24:26 | Crear | Villager (Male) |
| 24:26 | Crear | Villager (Male) |
| 24:36 | Crear | Villager (Male) |
| 24:36 | Crear | Villager (Male) |
| 24:50 | Construir | Farm |
| 24:51 | Crear | Villager (Male) |
| 24:55 | Construir | Farm |
Cronología de la partida
| 0:25 | simirfan · wall_segment Palisade Wall x5 |
| 0:33 | simirfan · wall_segment Palisade Wall x12 |
| 0:41 | TrixieBenny · wall_segment Palisade Wall x8 |
| 1:20 | M.S. · wall_segment Palisade Wall x4 |
| 1:26 | M.S. · wall_segment Palisade Wall x10 |
| 2:22 | TrixieBenny · wall_segment Palisade Wall x15 |
| 5:13 | TrixieBenny · wall_segment Palisade Wall x2 |
| 5:32 | TrixieBenny · wall_segment Palisade Wall x1 |
| 9:45 | simirfan · first_building Barracks |
| 9:54 | Sneakyness · wall_segment Palisade Wall x1 |
| 10:49 | TrixieBenny · wall_segment Palisade Wall x9 |
| 11:48 | TrixieBenny · wall_segment Palisade Wall x10 |
| 12:21 | TrixieBenny · age_up feudal |
| 13:11 | simirfan · age_up feudal |
| 13:31 | TrixieBenny · wall_segment Palisade Wall x1 |
| 13:34 | Sneakyness · age_up feudal |
| 14:27 | TrixieBenny · first_market_sell 100 wood |
| 14:29 | TrixieBenny · first_market_buy 100 food |
| 14:37 | simirfan · wall_segment Stone Wall x8 |
| 15:09 | M.S. · first_building Dock |
| 15:19 | Sneakyness · first_building Barracks |
| 15:51 | Sneakyness · wall_segment Palisade Wall x4 |
| 16:14 | M.S. · age_up feudal |
| 16:39 | M.S. · wall_segment Stone Wall x5 |
| 16:43 | M.S. · wall_segment Stone Wall x21 |
| 16:46 | M.S. · wall_segment Stone Wall x8 |
| 17:00 | Sneakyness · wall_segment Palisade Wall x1 |
| 17:01 | Sneakyness · wall_segment Palisade Wall x1 |
| 17:03 | Sneakyness · wall_segment Palisade Wall x1 |
| 17:05 | Sneakyness · age_up castle |
| 17:19 | TrixieBenny · age_up castle |
| 17:19 | Sneakyness · first_building Archery Range |
| 17:31 | TrixieBenny · first_building Barracks |
| 17:54 | Sneakyness · first_market_sell 100 food |
| 18:07 | M.S. · first_market_buy 100 food |
| 18:21 | M.S. · first_market_sell 100 wood |
| 18:30 | TrixieBenny · first_building Stable |
| 20:35 | simirfan · first_market_buy 100 food |
| 20:40 | simirfan · first_market_sell 100 stone |
| 21:29 | M.S. · age_up castle |
| 21:35 | M.S. · wall_segment Stone Wall x9 |
| 21:38 | M.S. · wall_segment Stone Wall x6 |
| 22:22 | simirfan · wall_segment Stone Wall x9 |
| 22:37 | simirfan · wall_segment Stone Wall x7 |
| 22:37 | Sneakyness · first_market_buy 100 wood |
| 22:39 | simirfan · wall_segment Stone Wall x5 |
| 22:48 | Sneakyness · wall_segment Palisade Wall x1 |
| 23:21 | M.S. · first_building Monastery |
| 23:23 | simirfan · age_up castle |
| 25:09 | M.S. · wall_segment Stone Wall x7 |
| 25:27 | M.S. · wall_segment Stone Wall x17 |
| 26:38 | TrixieBenny · first_building Castle |
| 28:55 | TrixieBenny · first_building Siege Workshop |
| 29:08 | Sneakyness · first_building Castle |
| 29:21 | simirfan · first_building Monastery |
| 30:50 | TrixieBenny · first_building Monastery |
| 31:44 | simirfan · first_building Castle |
| 31:55 | TrixieBenny · age_up imperial |
| 33:12 | M.S. · first_building Siege Workshop |
| 33:57 | M.S. · first_building Barracks |
| 34:29 | M.S. · wall_segment Stone Wall x12 |
| 34:31 | M.S. · wall_segment Stone Wall x6 |
| 34:49 | M.S. · first_building Castle |
| 36:00 | M.S. · age_up imperial |
| 36:04 | Sneakyness · age_up imperial |
| 36:04 | simirfan · wall_segment Stone Wall x9 |
| 38:02 | M.S. · first_building Archery Range |
| 40:10 | simirfan · age_up imperial |
| 40:27 | Sneakyness · tribute_sent a jugador 2 |
| 40:27 | Sneakyness · tribute_sent a jugador 3 |
| 40:27 | Sneakyness · tribute_sent a jugador 4 |
| 41:47 | simirfan · wall_segment Stone Wall x5 |
| 41:48 | simirfan · wall_segment Stone Wall x10 |
| 41:51 | simirfan · wall_segment Stone Wall x6 |
| 41:54 | simirfan · wall_segment Stone Wall x16 |
| 44:55 | TrixieBenny · wall_segment Stone Wall x3 |
| 45:45 | TrixieBenny · first_building Archery Range |
| 47:05 | TrixieBenny · wall_segment Stone Wall x22 |
| 47:41 | simirfan · wall_segment Stone Wall x17 |
| 50:51 | simirfan · wall_segment Stone Wall x5 |
| 50:51 | M.S. · resign |
[ ANÁLISIS IA · 1 CRÉDITO ]
¿Qué pasó realmente en esta partida?
Wolo.gg analiza cada decisión: build order, eco, micro, errores típicos por bracket. Análisis personalizado por WhatsApp o Discord en 30 segundos.
Guía civ
Búlgaros
Guía mapa
Black Forest
Perfil
simirfan